 Dungeon Crawl Stone Soup version 0.21.0-24-g2553a33 (webtiles) character file.

23119 axillian the Severer (level 12, 0/116 HPs)
             Began as a Minotaur Berserker on Jan 21, 2018.
             Was a High Priest of Trog.
             Slain by a freezing wraith (1 damage)
             ... led by a death knight
             ... on level 11 of the Dungeon.
             The game lasted 01:18:13 (13496 turns).

axillian the Severer (Minotaur Berserker)          Turns: 13496, Time: 01:18:18

Health: 0/116      AC: 13    Str: 26    XL:     12   Next: 69%
Magic:  11/11      EV: 13    Int:  4    God:    Trog [*****.]
Gold:   1072       SH:  0    Dex: 11    Spells: 11/11 levels left

rFire    + . .     SeeInvis +   T - +2 battleaxe (vamp)
rCold    . . .     Gourm    .   (shield currently unavailable)
rNeg     . . .     Faith    .   K - +2 scale mail {rF+}
rPois    +         Spirit   .   o - +2 hat
rElec    .         Reflect  .   i - scarf {cloud immunity}
rCorr    .         Harm     .   M - +0 pair of gloves
MR       ++...                  (no boots)
Stlth    ..........             s - amulet of regeneration
HPRegen  1.69/turn              r - ring of poison resistance
MPRegen  0.12/turn              C - ring of see invisible

@: regenerating, slowed, very slow
A: retaliatory headbutt, horns 2
a: Berserk, Trog's Hand, Brothers in Arms, Burn Spellbooks, Renounce Religion


You were on level 11 of the Dungeon.
You worshipped Trog.
Trog was extremely pleased with you.
You were very hungry.

You visited 3 branches of the dungeon, and saw 16 of its levels.
You also visited: Sewer.

You collected 1072 gold pieces.

Inventory:

Hand Weapons
 b - a +4 antimagic great mace
 f - a +1 great mace of protection
 T - a +2 vampiric battleaxe (weapon)
Armour
 i - a scarf of cloud immunity (worn)
 o - a +2 hat (worn)
 q - a +2 chain mail of cold resistance
 K - a +2 scale mail of fire resistance (worn)
 M - a +0 pair of gloves (worn)
Jewellery
 a - an uncursed ring of protection from magic
 m - an uncursed ring of teleportation
 r - a ring of poison resistance (left hand)
 s - an amulet of regeneration (around neck)
 C - a ring of see invisible (right hand)
 G - an uncursed ring of positive energy
Wands
 e - a wand of paralysis (18)
 u - a wand of digging (10)
 y - a wand of random effects (20)
 B - a wand of acid (7)
 P - a wand of flame (46)
Scrolls
 d - 8 scrolls of remove curse
 k - 2 scrolls of blinking
 l - 3 scrolls of enchant armour
 n - 2 scrolls of teleportation
 p - a scroll of fog
 v - 3 scrolls of amnesia
 I - 3 scrolls of identify
Potions
 g - 7 potions of heal wounds
 h - 7 potions of curing
 t - 3 potions of lignification {unknown}
 x - 2 potions of haste {unknown}
 z - 3 potions of might {unknown}
 D - a potion of brilliance {unknown}
 E - 2 potions of ambrosia {unknown}
 H - 2 potions of flight {unknown}
 N - a potion of magic {unknown}
 O - a potion of invisibility {unknown}
Miscellaneous
 R - a phial of floods
Comestibles
 c - 19 rations


   Skills:
 * Level 13.7 Fighting
 * Level 17.8 Axes
 * Level 9.3 Armour
 * Level 5.8 Dodging
 + Level 0.3 Evocations


You had 11 spell levels left.
You didn't know any spells.

Dungeon Overview and Level Annotations

Branches:
Dungeon (11/15)            Temple (0/1) D:5            Lair (4/6) D:8
  Swamp (1/4) Lair:3
  Snake: Lair:2-4    Spider: Lair:2-4       Orc: D:9-12

Altars:
Dithmenos
Elyvilon
Gozag
Kikubaaqudgha
Sif Muna
Trog
Vehumet
Xom

Shops:
D:6 }   D:9 :   D:10 :


Innate Abilities, Weirdness & Mutations

You reflexively headbutt those who attack you in melee.
You have a pair of horns on your head.


Message History

An orc comes into view.
The death knight hits you from afar with a halberd!!
The freezing wraith hits you! The freezing wraith freezes you!!
* * * LOW HITPOINT WARNING * * *
The freezing wraith hits you but does no damage.
The death knight barely misses you.
Okay, then.
Your ogre goes berserk!
You are feeling very hungry.
The freezing wraith hits you.
* * * LOW HITPOINT WARNING * * *
The freezing wraith freezes you!
* * * LOW HITPOINT WARNING * * *
The freezing wraith hits you but does no damage.
The orc throws a tomahawk.
The tomahawk barely misses you.
The cyclops throws a large rock.
The large rock barely misses you.
The death knight hits you from afar with a halberd!
* * * LOW HITPOINT WARNING * * *
The freezing wraith hits you.
You die...

#######).<(#
##..##.(#.(.#
##....)#######
##.###### ###.##
#..## #..########
##
#.........###...##
#######.O(@Wp....#
#...W.W###..
#.##.o.# #.####..#
#.# #..# #.# #.o#
.C# #..# .. #..


You could see a death knight, a cyclops, 3 freezing wraiths, 2 orcs and a
friendly ogre (berserk).

Vanquished Creatures
  3 hydras
  A centaur warrior (D:11)
  4 two-headed ogres
  An ugly thing (D:11)
  A gargoyle (D:11)
  6 spiny frogs
  A rime drake (Lair:1)
  A freezing wraith (D:11)
  5 komodo dragons
  Prince Ribbit (D:7)
  A hornet (D:10)
  2 hippogriffs
  A basilisk (Lair:3)
  A wyvern (D:10)
  23 yaks
  A hungry ghost (D:10)
  A steam dragon (D:9)
  A soldier ant (D:10)
  6 swamp worms (Lair:3)
  4 water moccasins
  An ice beast (D:7)
  14 porcupines
  4 orc warriors
  3 sky beasts
  3 phantoms
  3 black bears
  A necrophage (D:9)
  6 wolves (Lair:3)
  4 ogres
  8 centaurs
  3 crocodiles
  4 big kobolds
  9 bullfrogs
  A scorpion (D:8)
  A water moccasin skeleton (D:6)
  5 wights (D:6)
  6 howler monkeys
  2 electric eels
  3 crimson imps
  A quasit (D:8)
  A bullfrog zombie (D:11)
  A centaur zombie (D:8)
  4 jellies
  4 hounds
  2 centaur skeletons
  3 orc priests
  A bullfrog skeleton (D:7)
  10 orc wizards
  Jessica (D:2)
  2 iguanas
  10 worker ants
  A hound zombie (D:5)
  The ghost of Nanban the Ducker, a weakling SpMo (D:3)
  A worker ant zombie (D:11)
  A howler monkey skeleton (D:11)
  4 gnolls (D:5)
  15 adders
  3 river rats (Sewer)
  A shadow imp (D:11)
  An adder zombie (D:9)
  An adder skeleton (D:9)
  5 worms
  2 dart slugs
  A leopard gecko (D:1)
  19 orcs
  8 giant cockroaches
  7 goblins
  8 hobgoblins
  25 jackals
  9 quokkas
  5 ball pythons
  7 bats
  8 frilled lizards
  A jackal skeleton (D:8)
  28 kobolds
  10 rats
  14 fungi
  7 plants (D:8)
379 creatures vanquished.

Vanquished Creatures (collateral kills)
  A hydra (Lair:1)
  A rime drake (Lair:1)
  A crocodile (Lair:1)
3 creatures vanquished.

Vanquished Creatures (others)
  4 bushes (D:6)
  5 fungi
  2 plants
11 creatures vanquished.

Grand Total: 393 creatures vanquished

Notes
Turn   | Place    | Note
-------+----------+-------------------------------------------
     0 | D:1      | axillian the Minotaur Berserker began the quest for the Orb.
     0 | D:1      | Reached XP level 1. HP: 19/19 MP: 0/0
   282 | D:1      | Reached XP level 2. HP: 22/27 MP: 1/1
  1884 | D:2      | Reached XP level 3. HP: 34/34 MP: 2/2
  1929 | D:2      | Noticed Jessica
  1941 | D:2      | Killed Jessica
  1941 | D:2      | Reached skill level 4 in Axes
  2323 | D:3      | Reached skill level 5 in Fighting
  2342 | D:3      | Reached XP level 4. HP: 27/42 MP: 3/3
  2651 | D:3      | Found a shimmering altar of Xom.
  2706 | D:3      | Reached ** piety under Trog
  2963 | D:3      | Noticed Nanban's ghost (weakling SpMo)
  2978 | D:3      | Killed Nanban's ghost
  2978 | D:3      | Reached skill level 5 in Axes
  2999 | D:3      | Found a bloodstained altar of Trog.
  3169 | D:3      | Reached XP level 5. HP: 34/48 MP: 4/4
  3571 | D:4      | Reached skill level 6 in Axes
  3626 | D:4      | Reached XP level 6. HP: 57/57 MP: 5/5
  3709 | D:4      | Found a white marble altar of Elyvilon.
  3932 | D:5      | Entered Level 5 of the Dungeon
  3932 | D:5      | Found a staircase to the Ecumenical Temple.
  3934 | D:5      | Found a glowing drain.
  3967 | Sewer    | Entered a sewer
  4123 | Sewer    | Reached skill level 7 in Axes
  4229 | Sewer    | Reached *** piety under Trog
  4836 | D:5      | Reached XP level 7. HP: 64/64 MP: 6/6
  4939 | D:5      | Reached skill level 8 in Axes
  5248 | D:6      | Reached skill level 9 in Axes
  5314 | D:6      | Reached XP level 8. HP: 64/73 MP: 7/7
  5396 | D:6      | Found an opulent altar of Gozag.
  5622 | D:6      | Found Waecajepn's Gadget Shoppe.
  5682 | D:6      | Reached **** piety under Trog
  5693 | D:6      | Reached skill level 10 in Axes
  5715 | D:6      | Found a deep blue altar of Sif Muna.
  5727 | D:6      | Found an ancient bone altar of Kikubaaqudgha.
  5738 | D:6      | Found a radiant altar of Vehumet.
  5766 | D:6      | Identified Vehumet's Incunabulum of Confrontation
  6251 | D:7      | Noticed Prince Ribbit
  6262 | D:7      | Killed Prince Ribbit
  6262 | D:7      | Reached skill level 11 in Axes
  6324 | D:7      | Noticed a two-headed ogre
  6325 | D:7      | Reached XP level 9. HP: 71/82 MP: 8/8
  6331 | D:7      | Killed a two-headed ogre
  6331 | D:7      | Reached skill level 12 in Axes
  6347 | D:7      | Found a deep blue altar of Sif Muna.
  6808 | D:7      | Reached skill level 13 in Axes
  7053 | D:8      | Reached skill level 10 in Fighting
  7161 | D:8      | Found a staircase to the Lair.
  7162 | D:8      | Reached ***** piety under Trog
  7170 | D:8      | Reached XP level 10. HP: 59/94 MP: 9/9
  7333 | D:8      | Reached skill level 14 in Axes
  7433 | D:8      | Noticed a two-headed ogre
  7441 | D:8      | Killed a two-headed ogre
  7786 | D:9      | Found Beawoi's Book Shoppe.
  7874 | D:9      | Found a shadowy altar of Dithmenos.
  7877 | D:9      | Noticed a two-headed ogre
  7886 | D:9      | Killed a two-headed ogre
  7981 | D:9      | Reached skill level 15 in Axes
  8664 | D:10     | Entered Level 10 of the Dungeon
  8824 | D:10     | Noticed a two-headed ogre
  8833 | D:10     | Killed a two-headed ogre
  9101 | D:10     | Found Ukugurai's Book Shop.
  9178 | D:10     | Reached XP level 11. HP: 104/104 MP: 10/10
  9740 | D:10     | Reached skill level 5 in Armour
  9955 | D:11     | Noticed a red ugly thing
  9955 | D:11     | Noticed a centaur warrior
 10075 | Lair:1   | Entered Level 1 of the Lair of Beasts
 10316 | Lair:1   | Noticed a four-headed hydra
 10322 | Lair:1   | Killed a four-headed hydra
 10334 | Lair:1   | Received a gift from Trog
 10351 | Lair:1   | Noticed a six-headed hydra
 10369 | Lair:1   | Killed a ten-headed hydra
 10369 | Lair:1   | Reached skill level 16 in Axes
 10816 | Lair:1   | Noticed an eight-headed hydra
 10825 | Lair:1   | Killed a 13-headed hydra
 11321 | Lair:2   | Noticed a four-headed hydra
 11328 | Lair:2   | Killed a seven-headed hydra
 11400 | Lair:2   | Reached XP level 12. HP: 83/113 MP: 11/11
 11722 | Lair:3   | Reached skill level 5 in Dodging
 11860 | Lair:3   | Reached skill level 17 in Axes
 11866 | Lair:3   | Found a staircase to the Swamp.
 11991 | Lair:3   | Received a gift from Trog
 12006 | Swamp:1  | Entered Level 1 of the Swamp
 12828 | Lair:4   | Noticed a death yak
 12828 | Lair:4   | Noticed an eight-headed hydra
 12829 | Lair:4   | Noticed a death yak
 12829 | Lair:4   | Noticed a death yak
 12831 | Lair:4   | Noticed a death yak
 12988 | D:11     | Killed a centaur warrior
 13491 | D:11     | Noticed a death knight
 13496 | D:11     | HP: 1/116 [death knight/halberd (9)]
 13496 | D:11     | Slain by a freezing wraith

Skill      XL: |  1  2  3  4  5  6  7  8  9 10 11 12 |
---------------+-------------------------------------+-----
Fighting       | 4 5 6 7 8 10 11 12 13 | 13.7
Armour         | 3 4 8 9 |  9.3
Axes           | 4 5 6 7 9 11 13 15 16 17 | 17.8
Dodging        | 3 4 5 |  5.8
Evocations     | |  0.3

Action                   |  1- 3 |  4- 6 |  7- 9 | 10-12 || total
-------------------------+-------+-------+-------+-------++-------
Melee: Hand axe          |    84 |   173 |       |       ||   257
       Headbutt          |    11 |    31 |    42 |   116 ||   200
       War axe           |       |    12 |   225 |   278 ||   515
       Battleaxe         |       |       |       |   201 ||   201
Invok: Berserk           |     2 |     3 |     2 |    15 ||    22
       Burn Spellbooks   |       |       |     1 |     4 ||     5
       Brothers in Arms  |       |       |       |     2 ||     2
       Trog's Hand       |       |       |       |     1 ||     1
Evoke: Wand              |       |       |       |     2 ||     2
  Use: Scroll            |       |       |     5 |    12 ||    17
 Stab: Sleeping          |     1 |       |       |       ||     1
  Eat: Ration            |     1 |     3 |     1 |     7 ||    12
       Chunk             |     2 |     1 |     6 |    18 ||    27
Armor: Animal skin       |     9 |       |       |       ||     9
       Leather armour    |     9 |     7 |       |       ||    16
       Chain mail        |       |   105 |   114 |       ||   219
       Scale mail        |       |       |    17 |   149 ||   166
Dodge: Dodged            |    52 |    91 |    93 |   245 ||   481
